Login

Flyers vs Aces

Created - December 31, 2023 at 11:47

Goals
1 2 3 T
Flyers 1 1 1 3
Aces 0 2 0 2
Shots
1 2 3 T
Flyers 9 3 6 18
Aces 11 12 7 30

GoalsPenalties
1st period
1. Flyers , Shitty-Kitty Gangbang 4 (Andrei Svechnikov 5, Joe Pavelski 3) at 5:12 (PP)
Robby Fabbri (MAL) for Holding (Minor) at 4:16
Robby Fabbri (MAL) for Slashing (Minor) at 18:47
2nd period
2. Aces , Victor Olofsson 4 (Nick Leddy 8, Dante Fabbro 4) at 3:04
3. Flyers , Dmitry Orlov 3 (Jack Eichel 9, Barclay Goodrow 2) at 6:20
4. Aces , Charlie Coyle 5 (Carter Verhaeghe 6, Dante Fabbro 5) at 10:41
Justin Faulk (KIE) for Hooking (Minor) at 19:01
3rd period
5. Flyers , Dmitry Orlov 4 (Shitty-Kitty Gangbang 10, Jack Eichel 10) at 1:37 (PP)
Dante Fabbro (MAL) for Roughing (Minor) at 1:33
Carter Hart (MAL) for Slashing (Minor) at 7:33 - Ross Colton served the penalty.
Alexander Barabanov (KIE) for Hooking (Minor) at 13:22
Goalie Stats
Antti Raanta (KIE), 28 saves from 30 shots - (0.933), W, 13-9-3, 60:00 minutes
Carter Hart (MAL), 15 saves from 18 shots - (0.833), L, 11-13-4, 60:00 minutes
3 StarsOfficial
1 - Dmitry Orlov (KIE)
2 - Shitty-Kitty Gangbang (KIE)
3 - Dante Fabbro (MAL)
Referees : Unknown
Linesman : Unknown
Game Note
Ryan Pulock is injured at 18:45 of 1st period (Groin)
Finance
Level 1 -- Attendance: 4948 (82.47%) -- Ticket Income $494,800
Level 2 -- Attendance: 3948 (78.96%) -- Ticket Income $236,880
Level 3 -- Attendance: 1417 (70.85%) -- Ticket Income $49,595
Level 4 -- Attendance: 3230 (80.75%) -- Ticket Income $80,750
Luxury Box -- Attendance: 1000 (100.00%) -- Ticket Income $200,000
Game was played at the Ikea Arena.
Total Attendance: 14543 (80.79%)
Total Ticket Income: $1,062,025
Other Income: $424,810
Total Income: $1,486,835



Team Name Goals Shots Shots Attemp Shots Blocked PIM HIT PP PK FO%
Flyers 3184584202 / 4 (50%)068%
Aces 2306568150 / 2 (0%)232%

Flyers
Player Name POS G A P +/- PIM HIT SHT SB MP PP MP PP SHT PK MP PK SHT FO% FOT
Alex KillornC/LW0000000013:140:0000:00054% 13
Alexander BarabanovLW/RW0000210013:130:0000:0000% 0
Andrei SvechnikovLW/RW0110040018:513:2500:000100% 1
Artem ZubD000-2021121:320:5801:4900% 0
Barclay GoodrowC/LW0110010010:150:0001:1600% 1
Christopher TanevD0000010120:270:4401:3600% 0
Claude GirouxC/LW0000001017:091:3301:34070% 23
Dmitry OrlovD2020043023:013:2511:5600% 0
Ivan BarbashevC/LW/RW0000010014:400:0000:3900% 0
Jack EichelC0220001021:203:2502:24069% 26
Joe PavelskiRW0110000018:513:2500:0000% 1
Justin FaulkD0000210320:040:4500:3900% 0
Mathew BarzalC/LW0000004015:351:3300:0000% 0
Nic DowdC000-1000010:250:0002:03088% 8
Ryan PulockD000000016:240:1400:0000% 0
Scott LaughtonC/LW000-100108:220:0000:0000% 0
Shitty-Kitty GangbangD112-1044227:023:5041:5600% 0
Viktor ArvidssonRW0000013015:351:3320:000100% 1
Aces
Player Name POS G A P +/- PIM HIT SHT SB MP PP MP PP SHT PK MP PK SHT FO% FOT
Anthony BeauvillierLW000000006:280:0000:0000% 0
Carter VerhaegheC/LW/RW0111033018:401:3700:00045% 22
Charlie CoyleC/RW1011002018:401:3700:0000% 0
Clayton KellerLW/RW000-1012016:542:2111:38033% 3
Dante FabbroD0222221016:250:0000:0000% 0
Erik CernakD000-1001123:231:3403:0700% 0
Jack HughesC/LW000-1002118:362:2103:2000% 0
Jordan KyrouLW/RW0001025120:181:3711:3800% 1
Lee MackD000-1023323:231:3413:0700% 0
Mikael BacklundC/RW0001001014:380:0000:0000% 0
Nathan MacKinnonC000-1004024:522:2113:20028% 25
Nick LeddyD0112011016:260:0000:0000% 0
Paul StastnyC/LW000000000:120:0000:0000% 0
Robby FabbriC/LW0001411014:360:0000:00014% 14
Ross ColtonC/LW000001106:280:0000:00050% 6
Ryan McDonaghD0000010020:112:2401:5100% 0
Thomas ChabotD0000011020:112:2411:5100% 0
Victor OlofssonLW/RW1011002014:380:0000:00033% 3

Flyers

5 vs 5 Forward
Line #Left WingCenterRight WingPHYDFOFWanted %Time %Time Play
1Andrei SvechnikovJack EichelJoe Pavelski1223029%14:46
2Mathew BarzalClaude GirouxViktor Arvidsson1222828%14:02
3Alexander BarabanovAlex KillornIvan Barbashev1222626%13:14
4Barclay GoodrowNic DowdScott Laughton1221617%8:22
5 vs 5 Defense
Line #DefenseDefensePHYDFOFWanted %Time %Time Play
1Shitty-Kitty GangbangDmitry Orlov1223022%11:16
2Artem ZubRyan Pulock1222838%19:18
3Justin FaulkChristopher Tanev1222631%15:49
4Shitty-Kitty GangbangDmitry Orlov122168%4:01
Power Play Forward
Line #Left WingCenterRight WingPHYDFOFWanted %Time %Time Play
1Andrei SvechnikovJack EichelJoe Pavelski1225569%3:25
2Mathew BarzalClaude GirouxViktor Arvidsson1224531%1:33
Power Play Defense
Line #DefenseDefensePHYDFOFWanted %Time %Time Play
1Shitty-Kitty GangbangDmitry Orlov1225568%3:22
2Artem ZubRyan Pulock1224532%1:36
Penalty Kill 4 Players Forward
Line #CenterWingPHYDFOFWanted %Time %Time Play
1Jack EichelNic Dowd1225561%2:24
2Claude GirouxBarclay Goodrow1224539%1:34
Penalty Kill 4 Players Defense
Line #DefenseDefensePHYDFOFWanted %Time %Time Play
1Shitty-Kitty GangbangDmitry Orlov1225526%1:01
2Artem ZubRyan Pulock1224574%2:57
Penalty Kill 3 Players
Line #WingPHYDFOFWanted %Time %Time PlayDefenseDefensePHYDFOFWanted %Time %Time Play
1Jack Eichel122550%0:00 Shitty-Kitty GangbangDmitry Orlov122550%0:00
2Claude Giroux122450%0:00 Artem ZubRyan Pulock122450%0:00
4 vs 4 Forward
Line #CenterWingPHYDFOFWanted %Time %Time Play
1Jack EichelAndrei Svechnikov122550%0:00
2Claude GirouxMathew Barzal122450%0:00
4 vs 4 Defense
Line #DefensePHYDFOFWanted %Time %Time Play
1Shitty-Kitty GangbangDmitry Orlov122550%0:00
2Artem ZubRyan Pulock122450%0:00
Last Minutes Offensive
Left WingCenterRight WingDefenseDefense
Andrei SvechnikovJack EichelJoe PavelskiShitty-Kitty GangbangDmitry Orlov
Last Minutes Defensive
Left WingCenterRight WingDefenseDefense
Andrei SvechnikovJack EichelJoe PavelskiShitty-Kitty GangbangDmitry Orlov
Time
Total ForwardTotal DefenseLast Minutes OffensiveLast Minutes Defensive
60:00 60:00 0:000:40
Extra Forwards
Normal PowerPlayPenalty Kill
Nic Dowd, Alex Killorn, Alexander BarabanovNic Dowd, Alex KillornAlexander Barabanov
Extra Defensemen
Normal PowerPlayPenalty Kill
Justin Faulk, Christopher Tanev, Artem ZubJustin Faulk, Christopher TanevArtem Zub
Penalty Shots
Jack Eichel, Andrei Svechnikov, Claude Giroux, Mathew Barzal, Joe Pavelski
Goalie
Antti Raanta, Frederik Andersen
Custom OT Lines Forwards
Jack Eichel, Andrei Svechnikov, Claude Giroux, Mathew Barzal, Joe Pavelski, Viktor Arvidsson, Alex Killorn, Alexander Barabanov, Scott Laughton, Barclay Goodrow
Custom OT Lines Defensemen
Shitty-Kitty Gangbang, Dmitry Orlov, Artem Zub, Ryan Pulock, Justin Faulk
Scratches
Nikita Zadorov (Healthy), Michael Bunting (Healthy)

Aces

5 vs 5 Forward
Line #Left WingCenterRight WingPHYDFOFWanted %Time %Time Play
1Jack HughesNathan MacKinnonClayton Keller1223025%12:55
2Jordan KyrouCarter VerhaegheCharlie Coyle1222833%17:03
3Victor OlofssonRobby FabbriMikael Backlund1222629%14:38
4Anthony BeauvillierRoss ColtonNathan MacKinnon1221613%6:28
5 vs 5 Defense
Line #DefenseDefensePHYDFOFWanted %Time %Time Play
1Lee MackErik Cernak1223025%12:43
2Ryan McDonaghThomas Chabot1222831%15:56
3Nick LeddyDante Fabbro1222632%16:26
4Lee MackErik Cernak1221612%5:59
Power Play Forward
Line #Left WingCenterRight WingPHYDFOFWanted %Time %Time Play
1Jack HughesNathan MacKinnonClayton Keller1225559%2:21
2Jordan KyrouCarter VerhaegheCharlie Coyle1224541%1:37
Power Play Defense
Line #DefenseDefensePHYDFOFWanted %Time %Time Play
1Lee MackErik Cernak1225539%1:34
2Ryan McDonaghThomas Chabot1224561%2:24
Penalty Kill 4 Players Forward
Line #CenterWingPHYDFOFWanted %Time %Time Play
1Nathan MacKinnonJack Hughes1225567%3:20
2Clayton KellerJordan Kyrou1224533%1:38
Penalty Kill 4 Players Defense
Line #DefenseDefensePHYDFOFWanted %Time %Time Play
1Lee MackErik Cernak1225563%3:07
2Ryan McDonaghThomas Chabot1224537%1:51
Penalty Kill 3 Players
Line #WingPHYDFOFWanted %Time %Time PlayDefenseDefensePHYDFOFWanted %Time %Time Play
1Nathan MacKinnon122550%0:00 Lee MackErik Cernak122550%0:00
2Jack Hughes122450%0:00 Ryan McDonaghThomas Chabot122450%0:00
4 vs 4 Forward
Line #CenterWingPHYDFOFWanted %Time %Time Play
1Nathan MacKinnonJack Hughes122550%0:00
2Clayton KellerJordan Kyrou122450%0:00
4 vs 4 Defense
Line #DefensePHYDFOFWanted %Time %Time Play
1Lee MackErik Cernak122550%0:00
2Ryan McDonaghThomas Chabot122450%0:00
Last Minutes Offensive
Left WingCenterRight WingDefenseDefense
Jack HughesNathan MacKinnonClayton KellerLee MackErik Cernak
Last Minutes Defensive
Left WingCenterRight WingDefenseDefense
Jack HughesNathan MacKinnonClayton KellerLee MackErik Cernak
Time
Total ForwardTotal DefenseLast Minutes OffensiveLast Minutes Defensive
60:00 60:00 0:000:00
Extra Forwards
Normal PowerPlayPenalty Kill
Paul Stastny, Robby Fabbri, Victor OlofssonPaul Stastny, Robby FabbriVictor Olofsson
Extra Defensemen
Normal PowerPlayPenalty Kill
Nick Leddy, Dante Fabbro, Ryan McDonaghNick Leddy, Dante FabbroRyan McDonagh
Penalty Shots
Nathan MacKinnon, Jack Hughes, Clayton Keller, Jordan Kyrou, Carter Verhaeghe
Goalie
Carter Hart, Chris Driedger
Custom OT Lines Forwards
Nathan MacKinnon, Jack Hughes, Clayton Keller, Jordan Kyrou, Carter Verhaeghe, Charlie Coyle, Robby Fabbri, Victor Olofsson, Mikael Backlund, Anthony Beauvillier
Custom OT Lines Defensemen
Lee Mack, Erik Cernak, Ryan McDonagh, Thomas Chabot, Nick Leddy
Scratches
Arthur Kaliyev (Healthy), Philipp Grubauer (Healthy)


Play-by-Play

1st period


0:01 of 1st period - Jack Eichel wins face-off versus Nathan MacKinnon in neutral zone.
0:20 of 1st period - Shot by Jack Hughes.
0:20 of 1st period - Stopped by Antti Raanta with a rebound.
0:22 of 1st period - Shot by Nathan MacKinnon.
0:22 of 1st period - Stopped by Antti Raanta without a rebound.
0:23 of 1st period - Carter Verhaeghe wins face-off versus Claude Giroux in Flyers zone.
0:34 of 1st period - Shot by Jordan Kyrou.
0:34 of 1st period - Shot Misses the Net.
0:43 of 1st period - Icing by Ryan McDonagh.
0:44 of 1st period - Carter Verhaeghe wins face-off versus Alex Killorn in Aces zone.
0:44 of 1st period - Carter Verhaeghe is hit by Ivan Barbashev.
1:14 of 1st period - Icing by Charlie Coyle.
1:15 of 1st period - Carter Verhaeghe wins face-off versus Nic Dowd in Aces zone.
1:24 of 1st period - Dmitry Orlov is hit by Thomas Chabot and loses puck.
2:22 of 1st period - Shot by Robby Fabbri.
2:22 of 1st period - Shot Misses the Net.
2:32 of 1st period - Shot by Mikael Backlund.
2:32 of 1st period - Shot Misses the Net.
3:32 of 1st period - Shot by Mathew Barzal.
3:32 of 1st period - Shot Misses the Net.
3:36 of 1st period - Shot by Mathew Barzal.
3:36 of 1st period - Stopped by Carter Hart without a rebound.
3:37 of 1st period - Nathan MacKinnon wins face-off versus Alex Killorn in Aces zone.
3:37 of 1st period - Nathan MacKinnon is hit by Alexander Barabanov.
3:44 of 1st period - Clayton Keller is hit by Shitty-Kitty Gangbang and loses puck.
4:11 of 1st period - Icing by Dmitry Orlov.
4:12 of 1st period - Alex Killorn wins face-off versus Robby Fabbri in Flyers zone.
4:16 of 1st period - Minor Penalty to Robby Fabbri for Holding.
4:17 of 1st period - Claude Giroux wins face-off versus Nathan MacKinnon in Aces zone.
4:28 of 1st period - Shot by Claude Giroux.
4:28 of 1st period - Shot Misses the Net.
4:30 of 1st period - Shot by Viktor Arvidsson.
4:30 of 1st period - Stopped by Carter Hart without a rebound.
4:31 of 1st period - Jack Eichel wins face-off versus Clayton Keller in Aces zone.
4:44 of 1st period - Shot by Shitty-Kitty Gangbang.
4:44 of 1st period - Stopped by Carter Hart with a rebound.
5:08 of 1st period - Shot by Joe Pavelski.
5:08 of 1st period - Shot Misses the Net.
5:10 of 1st period - Shot by Andrei Svechnikov.
5:10 of 1st period - Shot Misses the Net.
5:12 of 1st period - Shot by Shitty-Kitty Gangbang.
5:12 of 1st period - Goal by Shitty-Kitty Gangbang - Flyers : 1 - Aces : 0.
5:13 of 1st period - Claude Giroux wins face-off versus Robby Fabbri in neutral zone.
5:22 of 1st period - Shot by Claude Giroux.
5:22 of 1st period - Shot Misses the Net.
5:38 of 1st period - Shot by Victor Olofsson.
5:38 of 1st period - Shot Misses the Net.
6:24 of 1st period - Off-side.
6:25 of 1st period - Carter Verhaeghe wins face-off versus Jack Eichel in neutral zone.
6:31 of 1st period - Charlie Coyle is hit by Shitty-Kitty Gangbang.
6:51 of 1st period - Erik Cernak is hit by Andrei Svechnikov and loses puck.
7:43 of 1st period - Shot by Jack Hughes.
7:43 of 1st period - Shot Misses the Net.
8:34 of 1st period - Icing by Justin Faulk.
8:35 of 1st period - Claude Giroux wins face-off versus Robby Fabbri in Flyers zone.
8:42 of 1st period - Shot by Mathew Barzal.
8:42 of 1st period - Shot Misses the Net.
8:47 of 1st period - Off-side.
8:48 of 1st period - Nic Dowd wins face-off versus Carter Verhaeghe in neutral zone.
9:01 of 1st period - Shot by Jordan Kyrou.
9:01 of 1st period - Stopped by Antti Raanta with a rebound.
9:03 of 1st period - Shot by Lee Mack.
9:03 of 1st period - Stopped by Antti Raanta with a rebound.
9:29 of 1st period - Shot by Jordan Kyrou.
9:29 of 1st period - Shot Misses the Net.
10:07 of 1st period - Shot by Claude Giroux.
10:07 of 1st period - Deflect By Mathew Barzal.
10:07 of 1st period - Shot Misses the Net.
11:03 of 1st period - Shot by Nathan MacKinnon.
11:03 of 1st period - Stopped by Antti Raanta without a rebound.
11:04 of 1st period - Carter Verhaeghe wins face-off versus Alex Killorn in Flyers zone.
11:07 of 1st period - Shot by Charlie Coyle.
11:07 of 1st period - Stopped by Antti Raanta without a rebound.
11:08 of 1st period - Alex Killorn wins face-off versus Carter Verhaeghe in Flyers zone.
11:08 of 1st period - Alex Killorn is hit by Carter Verhaeghe.
11:11 of 1st period - Icing by Shitty-Kitty Gangbang.
11:12 of 1st period - Carter Verhaeghe wins face-off versus Alex Killorn in Flyers zone.
11:19 of 1st period - Shot by Lee Mack.
11:19 of 1st period - Stopped by Antti Raanta with a rebound.
11:21 of 1st period - Shot by Charlie Coyle.
11:21 of 1st period - Shot Misses the Net.
11:23 of 1st period - Shot by Charlie Coyle.
11:23 of 1st period - Deflect By Carter Verhaeghe.
11:23 of 1st period - Stopped by Antti Raanta with a rebound.
11:25 of 1st period - Shot by Erik Cernak.
11:25 of 1st period - Shot Blocked by Shitty-Kitty Gangbang.
11:43 of 1st period - Shot by Lee Mack.
11:43 of 1st period - Shot Misses the Net.
12:15 of 1st period - Shitty-Kitty Gangbang is hit by Dante Fabbro and loses puck.
13:00 of 1st period - Shot by Andrei Svechnikov.
13:00 of 1st period - Shot Misses the Net.
13:27 of 1st period - Robby Fabbri is hit by Justin Faulk.
13:57 of 1st period - Shot by Mathew Barzal.
13:57 of 1st period - Stopped by Carter Hart without a rebound.
13:58 of 1st period - Nic Dowd wins face-off versus Carter Verhaeghe in Aces zone.
13:59 of 1st period - Shot by Dmitry Orlov.
13:59 of 1st period - Stopped by Carter Hart without a rebound.
14:00 of 1st period - Nic Dowd wins face-off versus Carter Verhaeghe in Aces zone.
14:07 of 1st period - Nick Leddy is hit by Barclay Goodrow and loses puck.
14:15 of 1st period - Dante Fabbro is hit by Dmitry Orlov.
14:22 of 1st period - Icing by Scott Laughton.
14:23 of 1st period - Nic Dowd wins face-off versus Nathan MacKinnon in Flyers zone.
14:23 of 1st period - Scott Laughton is hit by Lee Mack and loses puck.
14:34 of 1st period - Shot by Clayton Keller.
14:34 of 1st period - Stopped by Antti Raanta without a rebound.
14:35 of 1st period - Claude Giroux wins face-off versus Robby Fabbri in Flyers zone.
14:50 of 1st period - Shot by Mathew Barzal.
14:50 of 1st period - Shot Misses the Net.
14:52 of 1st period - Shot by Mathew Barzal.
14:52 of 1st period - Stopped by Carter Hart with a rebound.
15:55 of 1st period - Shot by Joe Pavelski.
15:55 of 1st period - Shot Misses the Net.
15:57 of 1st period - Shot by Artem Zub.
15:57 of 1st period - Stopped by Carter Hart with a rebound.
16:14 of 1st period - Icing by Thomas Chabot.
16:15 of 1st period - Alex Killorn wins face-off versus Nathan MacKinnon in Aces zone.
16:15 of 1st period - Alex Killorn is hit by Ryan McDonagh.
16:44 of 1st period - Carter Verhaeghe is hit by Dmitry Orlov and loses puck.
16:59 of 1st period - Shot by Jordan Kyrou.
16:59 of 1st period - Stopped by Antti Raanta without a rebound.
17:00 of 1st period - Nic Dowd wins face-off versus Robby Fabbri in Flyers zone.
17:27 of 1st period - Shot by Victor Olofsson.
17:27 of 1st period - Stopped by Antti Raanta without a rebound.
17:28 of 1st period - Carter Verhaeghe wins face-off versus Claude Giroux in Flyers zone.
17:57 of 1st period - Shot by Jordan Kyrou.
17:57 of 1st period - Shot Misses the Net.
18:45 of 1st period - Shot by Anthony Beauvillier.
18:45 of 1st period - Shot Blocked by Ryan Pulock.
18:45 of 1st period - Ryan Pulock from Flyers is injured at 18:45 of 1st period (Groin).
18:46 of 1st period - Jack Eichel wins face-off versus Victor Olofsson in Flyers zone.
18:46 of 1st period - Jack Eichel is hit by Robby Fabbri.
18:47 of 1st period - Minor Penalty to Robby Fabbri for Slashing.
18:48 of 1st period - Jack Eichel wins face-off versus Nathan MacKinnon in Aces zone.
18:59 of 1st period - Shot by Shitty-Kitty Gangbang.
18:59 of 1st period - Stopped by Carter Hart without a rebound.
19:00 of 1st period - Jack Eichel wins face-off versus Nathan MacKinnon in Aces zone.
19:27 of 1st period - Shot by Joe Pavelski.
19:27 of 1st period - Shot Blocked by Lee Mack.
19:39 of 1st period - Andrei Svechnikov is hit by Jordan Kyrou and loses puck.
Goals for this period are 1 for Flyers vs 0 for Aces.
Shots for this period are 9 for Flyers vs 11 for Aces.

2nd period


0:01 of 2nd period - Nathan MacKinnon wins face-off versus Joe Pavelski in neutral zone.
1:02 of 2nd period - Shot by Mikael Backlund.
1:02 of 2nd period - Shot Misses the Net.
1:11 of 2nd period - Icing by Ivan Barbashev.
1:12 of 2nd period - Ross Colton wins face-off versus Alex Killorn in Flyers zone.
1:12 of 2nd period - Thomas Chabot is hit by Christopher Tanev and loses puck.
2:33 of 2nd period - Shot by Jordan Kyrou.
2:33 of 2nd period - Shot Blocked by Artem Zub.
2:40 of 2nd period - Charlie Coyle is hit by Artem Zub and loses puck.
2:58 of 2nd period - Mikael Backlund is hit by Shitty-Kitty Gangbang.
3:04 of 2nd period - Shot by Victor Olofsson.
3:04 of 2nd period - Goal by Victor Olofsson - Flyers : 1 - Aces : 1.
3:05 of 2nd period - Jack Eichel wins face-off versus Nathan MacKinnon in neutral zone.
3:25 of 2nd period - Shot by Nathan MacKinnon.
3:25 of 2nd period - Shot Misses the Net.
3:42 of 2nd period - Icing by Justin Faulk.
3:43 of 2nd period - Jack Eichel wins face-off versus Robby Fabbri in Flyers zone.
3:54 of 2nd period - Erik Cernak is hit by Andrei Svechnikov and loses puck.
4:08 of 2nd period - Off-side.
4:09 of 2nd period - Claude Giroux wins face-off versus Carter Verhaeghe in neutral zone.
4:09 of 2nd period - Claude Giroux is hit by Jordan Kyrou.
4:22 of 2nd period - Mathew Barzal is hit by Nick Leddy and loses puck.
4:43 of 2nd period - Shot by Dante Fabbro.
4:43 of 2nd period - Shot Misses the Net.
5:11 of 2nd period - Shot by Clayton Keller.
5:11 of 2nd period - Shot Misses the Net.
5:53 of 2nd period - Shot by Jack Eichel.
5:53 of 2nd period - Stopped by Carter Hart with a rebound.
5:55 of 2nd period - Shot by Jack Eichel.
5:55 of 2nd period - Shot Misses the Net.
5:57 of 2nd period - Shot by Barclay Goodrow.
5:57 of 2nd period - Shot Blocked by Erik Cernak.
5:59 of 2nd period - Shot by Barclay Goodrow.
5:59 of 2nd period - Shot Misses the Net.
6:20 of 2nd period - Shot by Dmitry Orlov.
6:20 of 2nd period - Goal by Dmitry Orlov - Flyers : 2 - Aces : 1.
6:21 of 2nd period - Robby Fabbri wins face-off versus Claude Giroux in neutral zone.
6:34 of 2nd period - Shot by Claude Giroux.
6:34 of 2nd period - Shot Misses the Net.
7:17 of 2nd period - Off-side.
7:18 of 2nd period - Carter Verhaeghe wins face-off versus Jack Eichel in neutral zone.
7:23 of 2nd period - Shot by Carter Verhaeghe.
7:23 of 2nd period - Stopped by Antti Raanta without a rebound.
7:24 of 2nd period - Jack Eichel wins face-off versus Carter Verhaeghe in Flyers zone.
7:24 of 2nd period - Jack Eichel is hit by Carter Verhaeghe.
7:29 of 2nd period - Dmitry Orlov is hit by Dante Fabbro and loses puck.
7:47 of 2nd period - Andrei Svechnikov is hit by Carter Verhaeghe.
8:29 of 2nd period - Shot by Nathan MacKinnon.
8:29 of 2nd period - Stopped by Antti Raanta with a rebound.
8:43 of 2nd period - Shot by Alex Killorn.
8:43 of 2nd period - Shot Misses the Net.
9:58 of 2nd period - Ryan McDonagh is hit by Andrei Svechnikov and loses puck.
10:10 of 2nd period - Icing by Dmitry Orlov.
10:11 of 2nd period - Jack Eichel wins face-off versus Carter Verhaeghe in Flyers zone.
10:41 of 2nd period - Shot by Charlie Coyle.
10:41 of 2nd period - Goal by Charlie Coyle - Flyers : 2 - Aces : 2.
10:42 of 2nd period - Nic Dowd wins face-off versus Nathan MacKinnon in neutral zone.
10:57 of 2nd period - Shot by Jack Hughes.
10:57 of 2nd period - Stopped by Antti Raanta with a rebound.
12:14 of 2nd period - Shot by Jordan Kyrou.
12:14 of 2nd period - Shot Misses the Net.
12:16 of 2nd period - Shot by Charlie Coyle.
12:16 of 2nd period - Deflect By Jordan Kyrou.
12:16 of 2nd period - Stopped by Antti Raanta with a rebound.
12:18 of 2nd period - Shot by Ryan McDonagh.
12:18 of 2nd period - Deflect By Carter Verhaeghe.
12:18 of 2nd period - Stopped by Antti Raanta without a rebound.
12:19 of 2nd period - Jack Eichel wins face-off versus Robby Fabbri in Flyers zone.
12:57 of 2nd period - Shot by Robby Fabbri.
12:57 of 2nd period - Shot Misses the Net.
13:06 of 2nd period - Icing by Shitty-Kitty Gangbang.
13:07 of 2nd period - Carter Verhaeghe wins face-off versus Jack Eichel in Flyers zone.
13:20 of 2nd period - Shot by Jordan Kyrou.
13:20 of 2nd period - Stopped by Antti Raanta without a rebound.
13:21 of 2nd period - Nathan MacKinnon wins face-off versus Alex Killorn in Flyers zone.
13:47 of 2nd period - Shot by Clayton Keller.
13:47 of 2nd period - Shot Blocked by Justin Faulk.
13:49 of 2nd period - Shot by Ryan McDonagh.
13:49 of 2nd period - Shot Misses the Net.
14:40 of 2nd period - Shot by Charlie Coyle.
14:40 of 2nd period - Shot Misses the Net.
15:02 of 2nd period - Shot by Claude Giroux.
15:02 of 2nd period - Stopped by Carter Hart without a rebound.
15:03 of 2nd period - Victor Olofsson wins face-off versus Jack Eichel in Aces zone.
15:10 of 2nd period - Shot by Dante Fabbro.
15:10 of 2nd period - Stopped by Antti Raanta without a rebound.
15:11 of 2nd period - Andrei Svechnikov wins face-off versus Ross Colton in Flyers zone.
15:11 of 2nd period - Andrei Svechnikov is hit by Ross Colton.
15:27 of 2nd period - Shot by Nathan MacKinnon.
15:27 of 2nd period - Shot Misses the Net.
15:37 of 2nd period - Shot by Ross Colton.
15:37 of 2nd period - Stopped by Antti Raanta without a rebound.
15:38 of 2nd period - Robby Fabbri wins face-off versus Claude Giroux in Flyers zone.
15:50 of 2nd period - Off-side.
15:51 of 2nd period - Clayton Keller wins face-off versus Barclay Goodrow in neutral zone.
16:30 of 2nd period - Clayton Keller is hit by Shitty-Kitty Gangbang and loses puck.
17:05 of 2nd period - Shot by Mikael Backlund.
17:05 of 2nd period - Shot Blocked by Christopher Tanev.
17:17 of 2nd period - Shot by Mikael Backlund.
17:17 of 2nd period - Shot Blocked by Justin Faulk.
17:36 of 2nd period - Thomas Chabot is hit by Dmitry Orlov and loses puck.
18:00 of 2nd period - Icing by Ryan McDonagh.
18:01 of 2nd period - Alex Killorn wins face-off versus Carter Verhaeghe in Aces zone.
18:25 of 2nd period - Off-side.
18:26 of 2nd period - Viktor Arvidsson wins face-off versus Nathan MacKinnon in neutral zone.
18:36 of 2nd period - Icing by Justin Faulk.
18:37 of 2nd period - Ross Colton wins face-off versus Claude Giroux in Flyers zone.
19:01 of 2nd period - Minor Penalty to Justin Faulk for Hooking.
19:02 of 2nd period - Jack Eichel wins face-off versus Jordan Kyrou in Flyers zone.
19:28 of 2nd period - Shot by Charlie Coyle.
19:28 of 2nd period - Shot Misses the Net.
19:30 of 2nd period - Shot by Ryan McDonagh.
19:30 of 2nd period - Shot Misses the Net.
19:40 of 2nd period - Shot by Jordan Kyrou.
19:40 of 2nd period - Stopped by Antti Raanta without a rebound.
19:41 of 2nd period - Nathan MacKinnon wins face-off versus Claude Giroux in Flyers zone.
19:44 of 2nd period - Shot by Clayton Keller.
19:44 of 2nd period - Stopped by Antti Raanta with a rebound.
Goals for this period are 1 for Flyers vs 2 for Aces.
Shots for this period are 3 for Flyers vs 12 for Aces.

3rd period


0:01 of 3rd period - Jack Eichel wins face-off versus Nathan MacKinnon in neutral zone.
0:11 of 3rd period - Icing by Clayton Keller.
0:12 of 3rd period - Jack Eichel wins face-off versus Nathan MacKinnon in Aces zone.
0:47 of 3rd period - Shot by Nathan MacKinnon.
0:47 of 3rd period - Shot Misses the Net.
0:49 of 3rd period - Shot by Nathan MacKinnon.
0:49 of 3rd period - Stopped by Antti Raanta without a rebound.
0:50 of 3rd period - Claude Giroux wins face-off versus Carter Verhaeghe in Flyers zone.
1:13 of 3rd period - Icing by Dante Fabbro.
1:14 of 3rd period - Claude Giroux wins face-off versus Robby Fabbri in Aces zone.
1:32 of 3rd period - Icing by Nick Leddy.
1:33 of 3rd period - Jack Eichel wins face-off versus Robby Fabbri in Aces zone.
1:33 of 3rd period - Minor Penalty to Dante Fabbro for Roughing.
1:34 of 3rd period - Jack Eichel wins face-off versus Nathan MacKinnon in Aces zone.
1:35 of 3rd period - Shot by Shitty-Kitty Gangbang.
1:35 of 3rd period - Shot Misses the Net.
1:37 of 3rd period - Shot by Dmitry Orlov.
1:37 of 3rd period - Goal by Dmitry Orlov - Flyers : 3 - Aces : 2.
1:38 of 3rd period - Nathan MacKinnon wins face-off versus Jack Eichel in neutral zone.
2:14 of 3rd period - Off-side.
2:15 of 3rd period - Claude Giroux wins face-off versus Carter Verhaeghe in neutral zone.
2:27 of 3rd period - Off-side.
2:28 of 3rd period - Alex Killorn wins face-off versus Robby Fabbri in neutral zone.
2:56 of 3rd period - Shot by Mikael Backlund.
2:56 of 3rd period - Shot Hit the Post.
3:06 of 3rd period - Shot by Mikael Backlund.
3:06 of 3rd period - Stopped by Antti Raanta without a rebound.
3:07 of 3rd period - Nathan MacKinnon wins face-off versus Jack Eichel in Flyers zone.
3:14 of 3rd period - Shot by Nathan MacKinnon.
3:14 of 3rd period - Shot Misses the Net.
3:16 of 3rd period - Shot by Jack Hughes.
3:16 of 3rd period - Shot Misses the Net.
3:33 of 3rd period - Icing by Lee Mack.
3:34 of 3rd period - Claude Giroux wins face-off versus Nathan MacKinnon in Aces zone.
4:53 of 3rd period - Off-side.
4:54 of 3rd period - Nic Dowd wins face-off versus Robby Fabbri in neutral zone.
5:21 of 3rd period - Shot by Scott Laughton.
5:21 of 3rd period - Stopped by Carter Hart without a rebound.
5:22 of 3rd period - Ross Colton wins face-off versus Jack Eichel in Aces zone.
5:22 of 3rd period - Ross Colton is hit by Andrei Svechnikov.
5:31 of 3rd period - Icing by Shitty-Kitty Gangbang.
5:32 of 3rd period - Nathan MacKinnon wins face-off versus Jack Eichel in Flyers zone.
6:13 of 3rd period - Lee Mack is hit by Dmitry Orlov.
7:23 of 3rd period - Off-side.
7:24 of 3rd period - Claude Giroux wins face-off versus Ross Colton in neutral zone.
7:27 of 3rd period - Shot by Viktor Arvidsson.
7:27 of 3rd period - Shot Blocked by Lee Mack.
7:33 of 3rd period - Shot by Viktor Arvidsson.
7:33 of 3rd period - Stopped by Carter Hart without a rebound.
7:33 of 3rd period - Minor Penalty to Carter Hart for Slashing.
7:34 of 3rd period - Claude Giroux wins face-off versus Nathan MacKinnon in Aces zone.
7:39 of 3rd period - Shot by Viktor Arvidsson.
7:39 of 3rd period - Stopped by Carter Hart with a rebound.
7:41 of 3rd period - Shot by Shitty-Kitty Gangbang.
7:41 of 3rd period - Shot Misses the Net.
7:55 of 3rd period - Shot by Shitty-Kitty Gangbang.
7:55 of 3rd period - Stopped by Carter Hart with a rebound.
8:23 of 3rd period - Shot by Andrei Svechnikov.
8:23 of 3rd period - Deflect By Jack Eichel.
8:23 of 3rd period - Shot Misses the Net.
8:58 of 3rd period - Icing by Shitty-Kitty Gangbang.
8:59 of 3rd period - Claude Giroux wins face-off versus Nathan MacKinnon in Flyers zone.
9:19 of 3rd period - Shot by Shitty-Kitty Gangbang.
9:19 of 3rd period - Shot Blocked by Lee Mack.
9:50 of 3rd period - Jordan Kyrou is hit by Artem Zub and loses puck.
11:52 of 3rd period - Icing by Erik Cernak.
11:53 of 3rd period - Jack Eichel wins face-off versus Ross Colton in Aces zone.
12:59 of 3rd period - Off-side.
13:00 of 3rd period - Claude Giroux wins face-off versus Robby Fabbri in neutral zone.
13:17 of 3rd period - Shot by Mathew Barzal.
13:17 of 3rd period - Stopped by Carter Hart without a rebound.
13:18 of 3rd period - Alex Killorn wins face-off versus Carter Verhaeghe in Aces zone.
13:22 of 3rd period - Minor Penalty to Alexander Barabanov for Hooking.
13:23 of 3rd period - Carter Verhaeghe wins face-off versus Claude Giroux in Flyers zone.
14:05 of 3rd period - Shot by Thomas Chabot.
14:05 of 3rd period - Stopped by Antti Raanta with a rebound.
14:22 of 3rd period - Icing by Lee Mack.
14:23 of 3rd period - Jack Eichel wins face-off versus Nathan MacKinnon in Aces zone.
14:23 of 3rd period - Shitty-Kitty Gangbang is hit by Lee Mack and loses puck.
14:30 of 3rd period - Shot by Clayton Keller.
14:30 of 3rd period - Shot Blocked by Shitty-Kitty Gangbang.
14:32 of 3rd period - Shot by Lee Mack.
14:32 of 3rd period - Shot Misses the Net.
14:34 of 3rd period - Shot by Lee Mack.
14:34 of 3rd period - Stopped by Antti Raanta without a rebound.
14:35 of 3rd period - Jack Eichel wins face-off versus Nathan MacKinnon in Flyers zone.
14:35 of 3rd period - Jack Eichel is hit by Clayton Keller.
15:00 of 3rd period - Icing by Thomas Chabot.
15:01 of 3rd period - Claude Giroux wins face-off versus Clayton Keller in Aces zone.
15:36 of 3rd period - Shot by Erik Cernak.
15:36 of 3rd period - Stopped by Antti Raanta without a rebound.
15:37 of 3rd period - Claude Giroux wins face-off versus Carter Verhaeghe in Flyers zone.
15:42 of 3rd period - Charlie Coyle is hit by Viktor Arvidsson.
15:54 of 3rd period - Shot by Nick Leddy.
15:54 of 3rd period - Stopped by Antti Raanta without a rebound.
15:55 of 3rd period - Alex Killorn wins face-off versus Victor Olofsson in Flyers zone.
16:18 of 3rd period - Shot by Robby Fabbri.
16:18 of 3rd period - Stopped by Antti Raanta with a rebound.
16:20 of 3rd period - Shot by Robby Fabbri.
16:20 of 3rd period - Shot Blocked by Justin Faulk.
16:59 of 3rd period - Icing by Dmitry Orlov.
17:00 of 3rd period - Claude Giroux wins face-off versus Nathan MacKinnon in Flyers zone.
17:17 of 3rd period - Shot by Claude Giroux.
17:17 of 3rd period - Shot Blocked by Jack Hughes.
17:38 of 3rd period - Shot by Clayton Keller.
17:38 of 3rd period - Shot Misses the Net.
18:08 of 3rd period - Shot by Jordan Kyrou.
18:08 of 3rd period - Shot Misses the Net.
18:20 of 3rd period - Shot by Jack Eichel.
18:20 of 3rd period - Shot Misses the Net.
18:22 of 3rd period - Shot by Joe Pavelski.
18:22 of 3rd period - Shot Blocked by Jordan Kyrou.
18:32 of 3rd period - Shot by Joe Pavelski.
18:32 of 3rd period - Deflect By Andrei Svechnikov.
18:32 of 3rd period - Shot Misses the Net.
18:34 of 3rd period - Shot by Artem Zub.
18:34 of 3rd period - Shot Misses the Net.
19:59 of 3rd period - Shot by Andrei Svechnikov.
19:59 of 3rd period - Shot Misses the Net.
Goals for this period are 1 for Flyers vs 0 for Aces.
Shots for this period are 6 for Flyers vs 7 for Aces.